 Dungeon Crawl Stone Soup version 0.31.0-32-g396128a36d (webtiles) character file.

Game seed: 2332660628004487494

686 RatsInWalls the Fighter (level 7, -1/81 HPs)
             Began as an Oni Monk on Mar 10, 2024.
             Slain by Duvessa
             ... wielding a +3 rapier of protection
              (20 damage)
             ... on level 5 of the Dungeon.
             The game lasted 00:12:25 (4640 turns).

RatsInWalls the Fighter (Oni Monk)                  Turns: 4640, Time: 00:12:26

Health: -1/81      AC:  3    Str: 18    XL:     7   Next: 62%
Magic:  7/7        EV: 10    Int: 11    God:
Gold:   78         SH:  0    Dex: 11    Spells: 6/6 levels left

rFire   . . .        a - +0 mace
rCold   + . .        d - orb {light}
rNeg    + . .        b - +0 robe
rPois   .            (helmet restricted)
rElec   .            (no cloak)
rCorr   .            (gloves unavailable)
SInv    .            (boots unavailable)
Will    .....        (no amulet)
Stlth   +            p - ring of protection from cold
HPRegen 0.33/turn    g - ring of positive energy
MPRegen 0.10/turn

%: no passive effects
@: confused, ambrosia-drunk, glowing
A: large, unfitting armour, horns 1, tough skin 1, double potion healing,
drunken brawling
a: no special abilities


You were on level 5 of the Dungeon.
You visited 1 branch of the dungeon, and saw 5 of its levels.

You collected 204 gold pieces.
You spent 126 gold pieces at shops.

Inventory:

Hand Weapons
 a - a +0 mace (weapon)
 t - a +0 dire flail of holy wrath
Missiles
 h - 2 atropa-tipped darts (quivered)
 l - 2 poisoned darts
 u - 5 silver javelins
Armour
 b - a +0 robe (worn)
 d - an orb of light (worn)
 i - a scarf of harm
Jewellery
 g - a ring of positive energy (right hand)
 p - a ring of protection from cold (left hand)
Wands
 r - a wand of flame (19)
 y - a wand of polymorph (3)
Scrolls
 e - a scroll of blinking
 m - a scroll of poison
 n - 2 scrolls of teleportation
 s - a scroll of immolation {unknown}
 x - a scroll of revelation {unknown}
 B - a scroll of silence {unknown}
Potions
 c - 2 potions of curing
 f - 2 potions of resistance
 k - a potion of attraction {unknown}
 q - 2 potions of lignification {unknown}
 v - a potion of heal wounds {unknown}
 z - a potion of enlightenment {unknown}
 A - a potion of invisibility {unknown}


   Skills:
 + Level 8.9 Fighting
 + Level 5.5 Maces & Flails
 + Level 2.3 Throwing
 - Level 2.6 Dodging


You had 6 spell levels left.
You didn't know any spells.
Your spell library contained the following spells:

 Spells                   Type           Power      Damage    Failure   Level
 Magic Dart               Conj           0%         1d3       34%         1
 Sting                    Conj/Alch      0%         1d3       34%         1
 Mercury Vapours          Alch/Air       0%         N/A       47%         2
 Searing Ray              Conj           0%         2d4       47%         2
 Fulminant Prism          Conj/Alch      0%         3d5       98%         4
 Olgreb's Toxic Radiance  Alch           0%         N/A       98%         4


Dungeon Overview and Level Annotations

Branches:
Dungeon (5/15)
 Temple: D:4-7

Altars:
Fedhas
Nemelex Xobeh
Vehumet

Shops:
D:2 (   D:5 [

Annotations:
D:5 Duvessa


Innate Abilities, Weirdness & Mutations

You are too large for most types of armour.
You have a pair of small horns on your head.
You have tough skin. (AC +1)
You gain doubled healing and magic from potions.
Whenever you drink a healing potion, you attack all around you.


Message History

Aiming: Polymorph
Press: ? - help, Shift-Dir - straight line, f/p - Duvessa
Aim: Duvessa, wielding a +3 rapier of protection and wearing a +0 leather armour (berserk, haloed, will become a wolf, a bombardier beetle, or a crocodile, chance to affect: 31%) Duvessa easily resists.
You hit Duvessa but do no damage. You headbutt Duvessa.
Duvessa is lightly wounded.
Duvessa hits you with a +3 rapier of protection.
Duvessa hits you with a +3 rapier of protection!
You hit Duvessa but do no damage. Your headbutt misses Duvessa.
Duvessa is lightly wounded.
Duvessa completely misses you.
You hit Duvessa.
Duvessa is lightly wounded.
Duvessa hits you with a +3 rapier of protection! x2
You hit Duvessa but do no damage.
Duvessa is lightly wounded.
Duvessa barely misses you. x2
You barely miss Duvessa.
Duvessa is lightly wounded.
Duvessa hits you with a +3 rapier of protection! x2
* * * LOW HITPOINT WARNING * * *
Unknown command.
You take a swig of the potion and twirl your +0 mace.
You hit Duvessa but do no damage.
Duvessa is lightly wounded.
You are confused.
You savour every drop.
You feel invigorated.
Duvessa hits you with a +3 rapier of protection!!
* * * LOW HITPOINT WARNING * * *
Duvessa hits you with a +3 rapier of protection.
* * * LOW HITPOINT WARNING * * *
Unknown command.
Duvessa hits you with a +3 rapier of protection!
* * * LOW HITPOINT WARNING * * *
Unknown command.
Duvessa attacks as she pursues you!
Duvessa hits you with a +3 rapier of protection!
* * * LOW HITPOINT WARNING * * *
Duvessa hits you with a +3 rapier of protection!!
You die...

......##....#.............#
......##....#.............#####
............#.................#
#...........#.................#
#...........#.........).).....#
............#.................#
......#######..........)).....#
......##....#>.........).)....#
#...........'...@e...####.....#
#...........#........# #.....#
......##....#........# #.....#
......##....#........# #.....#
............#........# #.....#
............#........# #.....#
............#........####.....#
............#....##....########
......^^......#....##


You could see Duvessa (berserk).

Vanquished Creatures
  An ice beast (D:5)
  Blork the orc (D:4)
  Dowan (D:5)
  3 hounds
  An orc priest (D:3)
  A gnoll bouda (D:5)
  Jessica (D:2)
  Ijyb (D:4)
  2 orc wizards
  2 iguanas (D:5)
  4 gnolls
  4 adders
  4 dart slugs
  2 ribbon worms
  10 orcs
  9 ball pythons
  8 endoplasms
  3 giant cockroaches
  4 goblins
  6 hobgoblins
  7 kobolds
  5 quokkas
  5 bats
  5 frilled lizards
  5 rats
95 creatures vanquished.

Vanquished Creatures (others)
  An orc priest (D:3)
1 creature vanquished.

Grand Total: 96 creatures vanquished

Notes
Turn   | Place    | Note
-------+----------+-------------------------------------------
     0 | D:1      | RatsInWalls the Oni Monk began the quest for the Orb.
     0 | D:1      | Reached XP level 1. HP: 24/24 MP: 1/1
   219 | D:1      | Reached XP level 2. HP: 32/33 MP: 2/2
   707 | D:2      | Found Epoack's Antique Weapon Boutique.
   718 | D:2      | Reached skill level 5 in Fighting
   718 | D:2      | Reached XP level 3. HP: 17/42 MP: 3/3
  1002 | D:2      | Reached XP level 4. HP: 52/52 MP: 4/4
  1035 | D:2      | Noticed Sigmund
  1238 | D:3      | Reached skill level 6 in Fighting
  1534 | D:2      | Bought a glowing dire flail for 126 gold pieces
  1633 | D:3      | Found a radiant altar of Vehumet.
  2054 | D:3      | Reached XP level 5. HP: 35/61 MP: 5/5
  2546 | D:4      | Reached skill level 7 in Fighting
  2589 | D:4      | Noticed Blork the orc
  2599 | D:4      | Killed Blork the orc
  2600 | D:4      | Reached XP level 6. HP: 55/71 MP: 6/6
  2718 | D:4      | Noticed Ijyb
  2726 | D:4      | Killed Ijyb
  2818 | D:4      | Found a sparkling altar of Nemelex Xobeh.
  2819 | D:4      | Found a blossoming altar of Fedhas.
  3037 | D:4      | Reached skill level 8 in Fighting
  3215 | D:5      | Entered Level 5 of the Dungeon
  3485 | D:2      | Sigmund changed into Sigmund the hound
  3485 | D:2      | Noticed Sigmund
  3493 | D:2      | Killed Sigmund the hound
  3567 | D:2      | Noticed Jessica
  3577 | D:2      | Killed Jessica
  3744 | D:5      | Found Jeixaquhu's Antique Armour Shoppe.
  3756 | D:5      | Reached skill level 5 in Maces & Flails
  3756 | D:5      | Reached skill level 1 in Throwing
  3851 | D:5      | Noticed Dowan
  3851 | D:5      | Noticed Duvessa
  4038 | D:5      | Reached XP level 7. HP: 80/81 MP: 7/7
  4517 | D:5      | Killed Dowan
  4640 | D:5      | Slain by Duvessa

Illustrated notes

Levels and vault maps discovered:
D:1:      dpeg_arrival_round_b, layout_basic, st_stairs_10
D:2:      layout_basic, serial_shops, shop, minmay_joined_circles, uniq_sigmund,
          uniq_jessica
D:3:      layout_loops_ring, fiery_altar_vehumet
D:4:      layout_gridville, mainiacjoe_overflow_divided_tiny,
          minmay_fountain_box, uniq_ijyb, uniq_blork_the_orc
D:5:      layout_gridville, minmay_holes, st_stairs_11,
          nicolae_wooded_promenade, uniq_duvessa

Skill      XL: |  1  2  3  4  5  6  7 |
---------------+----------------------+-----
Fighting       | 5 6 7 8 |  8.9
Maces & Flails | 4 5 |  5.5
Throwing       | 1 2 |  2.3
Dodging        | |  2.6

Action                     |  1- 3 |  4- 6 |  7- 9 || total
---------------------------+-------+-------+-------++-------
  Melee: Mace              |    74 |   140 |    45 ||   259
         Headbutt          |    10 |    32 |    12 ||    54
  Evoke: Wand              |       |     9 |     5 ||    14
    Use: Potion            |     1 |       |     4 ||     5
         Scroll            |       |       |     6 ||     6
 Armour: Robe              |    51 |    74 |    46 ||   171
  Dodge: Dodged            |    48 |    58 |    27 ||   133
         Form:             |       |     1 |       ||     1
         Blade             |       |     1 |       ||     1
